[Event "4NCL 2nd Div 2023-24"]
[Site "Daventry"]
[Date "2024.05.04"]
[Round "9.1"]
[White "Bisby, Daniel L"]
[Black "Jones, Steven A"]
[Result "1-0"]
[ECO "B26"]
[WhiteElo "2277"]
[BlackElo "2202"]
[Annotator "NA"]
[PlyCount "69"]
[EventDate "2023.11.11"]
[EventType "team-tourn"]
[EventCountry "ENG"]
[SourceTitle "playchess.com"]
[Source "ChessBase"]
[SourceQuality "1"]
[TimeControl "40/6000+30:3000+30"]

1. e4 c5 2. Nc3 Nc6 3. g3 g6 4. Bg2 Bg7 5. d3 d6 6. Be3 Rb8 7. Qd2 b5 8. Nge2 b4 9. Nd1 Nd4 10. O-O e6 11. Nc1 Ne7 12. c3 Ndc6 13. Bh6 bxc3 14. bxc3 O-O 15. Bxg7 Kxg7 16. Ne3 e5 17. Ne2 f6 18. f4 Qa5 19. Rac1 Ba6 20. Rc2 Qc7 21. Bh3 Bc8 22. Bxc8 Rbxc8 23. f5 g5 24. g4 Rfd8 25. Nd5 Nxd5 26. exd5 Ne7 27. c4 Rb8 28. Ng3 Rb6 29. Ne4 Rdb8 30. h4 gxh4 31. Nxf6 Kxf6 32. Qh6+ Kf7 33. f6 Rb1 34. Rcf2 Rxf1+ 35. Rxf1 1-0

[Event "4NCL 2nd Div 2023-24"]
[Site "Daventry"]
[Date "2024.05.04"]
[Round "9.2"]
[White "Rees, Ioan"]
[Black "Gallagher, Daniel GH"]
[Result "1/2-1/2"]
[ECO "E60"]
[WhiteElo "2245"]
[BlackElo "2234"]
[Annotator "ChessBase"]
[PlyCount "74"]
[EventDate "2023.11.11"]
[EventType "team-tourn"]
[EventCountry "ENG"]
[SourceTitle "playchess.com"]
[Source "ChessBase"]
[SourceQuality "1"]
[TimeControl "40/6000+30:3000+30"]

1. d4 Nf6 2. c4 g6 3. Nf3 Bg7 4. e3 O-O 5. Be2 c5 6. d5 e6 7. Nc3 exd5 8. cxd5 d6 9. Nd2 Na6 10. a4 Nb4 11. e4 Ng4 12. O-O Ne5 13. f4 Ned3 14. Nf3 Nxc1 15. Rxc1 Bg4 16. Ng5 Bxe2 17. Qxe2 Re8 18. Qc4 h6 19. Nf3 a6 20. Rfe1 Rb8 21. e5 b5 22. axb5 axb5 23. Nxb5 dxe5 24. fxe5 Qxd5 25. Qxd5 Nxd5 26. Rxc5 Nf4 27. Nd6 Re7 28. Rc2 Nd3 29. Ree2 Nxe5 30. Nxe5 Bxe5 31. Nc4 Bd4+ 32. Kf1 Reb7 33. g3 h5 34. Kg2 Rb3 35. Na5 Rd3 36. Nc6 Rbb3 37. Nxd4 Rxd4 1/2-1/2

[Event "4NCL 2nd Div 2023-24"]
[Site "Daventry"]
[Date "2024.05.04"]
[Round "9.3"]
[White "McClement, Andrew"]
[Black "Southcott-Moyers, Indy"]
[Result "0-1"]
[ECO "A13"]
[WhiteElo "2185"]
[BlackElo "2160"]
[Annotator "NA RC"]
[PlyCount "48"]
[EventDate "2023.11.11"]
[EventType "team-tourn"]
[EventCountry "ENG"]
[SourceTitle "playchess.com"]
[Source "ChessBase"]
[SourceQuality "1"]
[TimeControl "40/6000+30:3000+30"]

1. Nf3 d5 2. c4 e6 3. g3 Nf6 4. Bg2 dxc4 5. Qa4+ Bd7 6. Qxc4 c5 7. Ne5 Qc8 8. d3 Nc6 9. Nxd7 Qxd7 10. Bg5 Be7 11. O-O Rc8 12. Nc3 b6 13. a4 O-O 14. Rfd1 Rfd8 15. Bd2 Nd4 16. h3 Nd5 17. Kf1 Nb4 18. Nb5 Ndc2 19. Rac1 a6 20. Rxc2 axb5 21. axb5 Nxc2 22. Bc6 Rxc6 23. bxc6 Qxc6 24. Qxc2 Qh1# 0-1

[Event "4NCL 2nd Div 2023-24"]
[Site "Daventry"]
[Date "2024.05.04"]
[Round "9.4"]
[White "Bullen, Alex"]
[Black "Hill, Alistair"]
[Result "1/2-1/2"]
[ECO "D04"]
[WhiteElo "2186"]
[BlackElo "2122"]
[Annotator "NA RC"]
[PlyCount "27"]
[EventDate "2023.11.11"]
[EventType "team-tourn"]
[EventCountry "ENG"]
[SourceTitle "playchess.com"]
[Source "ChessBase"]
[SourceQuality "1"]
[TimeControl "40/6000+30:3000+30"]

1. d4 Nf6 2. Nf3 g6 3. Nbd2 d5 4. b3 Bg7 5. Bb2 O-O 6. e3 c5 7. c4 cxd4 8. exd4 Bf5 9. Be2 Nc6 10. Nh4 Be6 11. Nhf3 Bf5 12. Nh4 Be6 13. Nhf3 Bf5 14. Nh4 1/2-1/2

[Event "4NCL 2nd Div 2023-24"]
[Site "Daventry"]
[Date "2024.05.04"]
[Round "9.5"]
[White "Sivanandan, Bodhana"]
[Black "Blackburn, Jonathan L B"]
[Result "0-1"]
[ECO "C08"]
[WhiteElo "2065"]
[BlackElo "2203"]
[Annotator "RC"]
[PlyCount "108"]
[EventDate "2023.11.11"]
[EventType "team-tourn"]
[EventCountry "ENG"]
[SourceTitle "playchess.com"]
[Source "ChessBase"]
[SourceQuality "1"]
[TimeControl "40/6000+30:3000+30"]

1. e4 e6 2. d4 d5 3. Nd2 c5 4. exd5 exd5 5. Ngf3 Nc6 6. Be2 Nf6 7. O-O c4 8. Re1 Be7 9. Nf1 O-O 10. Ng3 Re8 11. c3 h6 12. Bf4 Be6 13. Bf1 Bf8 14. Qc2 Rc8 15. h3 a6 16. Re2 b5 17. Rae1 Qb6 18. a3 a5 19. Ne5 b4 20. axb4 axb4 21. Ng6 Nxd4 22. cxd4 fxg6 23. Qxg6 Bf7 24. Qf5 Qxd4 25. Be5 Qb6 26. Qf4 Nh5 27. Nxh5 Bxh5 28. Re3 g5 29. Qf5 Qg6 30. Qxg6+ Bxg6 31. Bd4 Rxe3 32. fxe3 Bg7 33. Be2 Bxd4 34. exd4 c3 35. bxc3 b3 36. Bf3 b2 37. Bxd5+ Kh8 38. Ba2 Ra8 39. Bb1 Bxb1 40. Rxb1 Ra1 41. Rxa1 bxa1=Q+ 42. Kh2 Qxc3 43. d5 Qe5+ 44. Kg1 Qxd5 45. Kh2 h5 46. Kg1 g4 47. hxg4 hxg4 48. g3 Qa2 49. Kh1 Kg7 50. Kg1 Kf6 51. Kf1 Ke5 52. Kg1 Ke4 53. Kh1 Kf3 54. Kg1 Qg2# 0-1

[Event "4NCL 2nd Div 2023-24"]
[Site "Daventry"]
[Date "2024.05.04"]
[Round "9.6"]
[White "Freeland, Alex"]
[Black "Starley, Robert"]
[Result "1-0"]
[ECO "E41"]
[WhiteElo "2041"]
[BlackElo "2024"]
[Annotator "NA"]
[PlyCount "113"]
[EventDate "2023.11.11"]
[EventType "team-tourn"]
[EventCountry "ENG"]
[SourceTitle "playchess.com"]
[Source "ChessBase"]
[SourceQuality "1"]
[TimeControl "40/6000+30:3000+30"]

1. d4 Nf6 2. c4 e6 3. Nc3 Bb4 4. e3 c5 5. Bd3 Nc6 6. Nf3 d6 7. Bd2 e5 8. d5 Ne7 9. a3 Bxc3 10. Bxc3 O-O 11. Qc2 Re8 12. Nd2 Bd7 13. O-O Ng6 14. b4 b6 15. b5 a5 16. Rae1 Qe7 17. Ne4 Nxe4 18. Bxe4 Qg5 19. f4 exf4 20. exf4 Nxf4 21. Bd2 Rxe4 22. Qxe4 Nh3+ 23. Kh1 Qxd2 24. gxh3 f6 25. Qf4 Qxf4 26. Rxf4 Rf8 27. h4 h5 28. Rfe4 Rf7 29. Kg2 g6 30. Kg3 Kf8 31. Kf4 Rg7 32. R4e3 Rf7 33. R1e2 Rg7 34. Re6 g5+ 35. Kg3 gxh4+ 36. Kxh4 Bxe6 37. Rxe6 Rd7 38. Rxf6+ Kg7 39. Re6 Rd8 40. Kg5 Kf7 41. Kxh5 Kg7 42. Kg5 Kf7 43. h4 Rg8+ 44. Kf5 Rg3 45. Rxd6 Rf3+ 46. Ke4 Rxa3 47. Rxb6 Rc3 48. Ke5 Rxc4 49. Rb7+ Ke8 50. Ke6 Kd8 51. Kd6 Kc8 52. Rh7 a4 53. Kc6 Kd8 54. d6 Re4 55. Rh8+ Re8 56. Rxe8+ Kxe8 57. Kc7 1-0

[Event "4NCL 2nd Div 2023-24"]
[Site "Daventry"]
[Date "2024.05.04"]
[Round "9.7"]
[White "Alldritt, Nigel R E"]
[Black "Taylor, William J"]
[Result "1/2-1/2"]
[ECO "E04"]
[WhiteElo "1983"]
[BlackElo "1972"]
[Annotator "NA RC"]
[PlyCount "46"]
[EventDate "2023.11.11"]
[EventType "team-tourn"]
[EventCountry "ENG"]
[SourceTitle "playchess.com"]
[Source "ChessBase"]
[SourceQuality "1"]
[TimeControl "40/6000+30:3000+30"]

1. d4 d5 2. c4 e6 3. Nf3 Nf6 4. g3 dxc4 5. Bg2 c5 6. O-O Nc6 7. Qa4 Bd7 8. Qxc4 b5 9. Qd3 c4 10. Qc2 Rc8 11. e4 Be7 12. Rd1 O-O 13. Qe2 Na5 14. Bg5 b4 15. Nbd2 c3 16. bxc3 bxc3 17. Nf1 Ba4 18. Rdc1 Ba3 19. e5 Bxc1 20. Rxc1 h6 21. Bh4 g5 22. Nxg5 Qxd4 23. exf6 hxg5 1/2-1/2

[Event "4NCL 2nd Div 2023-24"]
[Site "Daventry"]
[Date "2024.05.04"]
[Round "9.8"]
[White "Smith, Lynda"]
[Black "Goh, Jinghan Cameron"]
[Result "0-1"]
[ECO "B24"]
[WhiteElo "1860"]
[BlackElo "1971"]
[Annotator "NA RC"]
[PlyCount "58"]
[EventDate "2023.11.11"]
[EventType "team-tourn"]
[EventCountry "ENG"]
[SourceTitle "playchess.com"]
[Source "ChessBase"]
[SourceQuality "1"]
[TimeControl "40/6000+30:3000+30"]

1. e4 c5 2. Nc3 e6 3. g3 d5 4. Bg2 d4 5. Nce2 Nc6 6. d3 g6 7. f4 Bg7 8. Nf3 Nge7 9. O-O Bd7 10. Bd2 b5 11. g4 h5 12. g5 e5 13. fxe5 Nxe5 14. Nxe5 Bxe5 15. Bf4 Nc6 16. Qd2 h4 17. Bf3 Qe7 18. Kh1 Bxf4 19. Qxf4 Ne5 20. Rg1 a5 21. Rad1 Ra6 22. c3 Rd6 23. Nc1 Bc6 24. h3 dxc3 25. bxc3 Nxf3 26. Qxf3 Rxd3 27. Qxd3 Bxe4+ 28. Qxe4 Qxe4+ 29. Kh2 Qf4+ 0-1

[Event "4NCL 2nd Div 2023-24"]
[Site "Daventry"]
[Date "2024.05.04"]
[Round "9.9"]
[White "Taylor, Adam A"]
[Black "Moreby, James"]
[Result "1-0"]
[ECO "A09"]
[WhiteElo "2272"]
[BlackElo "2246"]
[Annotator "RC"]
[PlyCount "73"]
[EventDate "2023.11.11"]
[EventType "team-tourn"]
[EventCountry "ENG"]
[SourceTitle "playchess.com"]
[Source "ChessBase"]
[SourceQuality "1"]
[TimeControl "40/6000+30:3000+30"]

1. Nf3 d5 2. c4 d4 3. g3 c5 4. Bg2 Nc6 5. O-O e5 6. e3 e4 7. Ne1 Nf6 8. d3 Bg4 9. Qc2 Nb4 10. Qd2 Be6 11. b3 Ng4 12. Bxe4 dxe3 13. fxe3 Qd7 14. d4 f5 15. Bf3 h5 16. d5 Bf7 17. a3 Na6 18. Nd3 Bd6 19. Bb2 Qe7 20. Bxg4 hxg4 21. Nc3 O-O-O 22. Rae1 Rh3 23. Nf4 Rh6 24. e4 g5 25. exf5 Qd7 26. Ne6 Bxg3 27. hxg3 Rdh8 28. Qg2 Bxe6 29. Rxe6 Rh3 30. Ne4 R8h7 31. Re8+ Kc7 32. Be5+ Kb6 33. Re6+ Ka5 34. Bc3+ Nb4 35. axb4+ cxb4 36. Ra1+ Qa4 37. Rxa4# 1-0

[Event "4NCL 2nd Div 2023-24"]
[Site "Daventry"]
[Date "2024.05.04"]
[Round "9.10"]
[White "Rendle, Thomas E"]
[Black "Handley, Michael R"]
[Result "1-0"]
[ECO "C02"]
[WhiteElo "2380"]
[BlackElo "2004"]
[Annotator "TA"]
[PlyCount "43"]
[EventDate "2023.11.11"]
[EventType "team-tourn"]
[EventCountry "ENG"]
[SourceTitle "playchess.com"]
[Source "ChessBase"]
[SourceQuality "1"]
[TimeControl "40/6000+30:3000+30"]

1. e4 e6 2. d4 d5 3. e5 c5 4. c3 Nc6 5. Nf3 Qb6 6. Bd3 cxd4 7. O-O Bd7 8. Re1 Rc8 9. Nbd2 {[%emt 0:00:58] The position is equal.} dxc3 10. bxc3 Na5 11. Rb1 Qd8 12. c4 dxc4 13. Bc2 Bc6 14. Qe2 Nh6 (14... Ne7 $11) 15. Ne4 {[%emt 0:01:21] [#] Black must now prevent Bxh6.} Bxe4 (15... Nf5 $16 {keeps fighting.}) 16. Qxe4 $18 Be7 $2 (16... Qc7) 17. Ba4+ {[%emt 0:04:47] White is clearly winning.} Kf8 (17... b5 $142) 18. Rd1 Qc7 19. Rd7 Qc5 20. Rb5 ({Not} 20. Be3 Qa3 21. Qc2 a6 $18) 20... Qc6 21. Qxc6 Nxc6 22. Rbxb7 {[%emt 0:00:19] Weighted Error Value: White=0.35/Black=0.58.  Mistake:       	---       	Black=4      Inaccurate:     	White=1     	---        OK:         	White=5     	Black=2      Best:        	White=3     	---} 1-0

[Event "4NCL 2nd Div 2023-24"]
[Site "Daventry"]
[Date "2024.05.04"]
[Round "9.11"]
[White "Nicholas, Koichi B"]
[Black "Hryshchenko, Kamila"]
[Result "0-1"]
[ECO "B06"]
[WhiteElo "2145"]
[BlackElo "2146"]
[Annotator "RC"]
[PlyCount "140"]
[EventDate "2023.11.11"]
[EventType "team-tourn"]
[EventCountry "ENG"]
[SourceTitle "playchess.com"]
[Source "ChessBase"]
[SourceQuality "1"]
[TimeControl "40/6000+30:3000+30"]

1. e4 d6 2. d4 g6 3. Nc3 Bg7 4. Be3 c6 5. Qd2 b5 6. Bd3 Nd7 7. Nf3 a6 8. O-O Qc7 9. Rfe1 e5 10. dxe5 dxe5 11. a4 b4 12. Na2 c5 13. b3 Ngf6 14. c3 bxc3 15. Qxc3 Bb7 16. Nd2 O-O 17. Rac1 Rfd8 18. b4 Qd6 19. Nc4 Qe7 20. f3 Nh5 21. Na5 Nf8 22. bxc5 Ne6 23. Nb4 Nhf4 24. Bf1 Nd4 25. Qc4 Bf8 26. Bxf4 exf4 27. Nd5 Bxd5 28. exd5 Qf6 29. Rcd1 Nf5 30. d6 Rac8 31. Nb3 Bxd6 32. Rc1 Be5 33. Kh1 Rc6 34. Bd3 Ne3 35. Qe4 Re6 36. Bc4 Ree8 37. Qb7 Rb8 38. Qxa6 Qxa6 39. Bxa6 Rxb3 40. c6 Bc7 41. g3 g5 42. gxf4 gxf4 43. Bb7 Ra3 44. Ra1 Rxa1 45. Rxa1 Re5 46. Ba6 Rc5 47. Bb5 Ba5 48. Rg1+ Kf8 49. Bd3 h6 50. Bb5 Ke7 51. Ra1 Kf6 52. Kg1 Ke5 53. Ra2 Rc1+ 54. Kf2 Rc2+ 55. Rxc2 Nxc2 56. Bc4 Bb6+ 57. Ke2 Nd4+ 58. Kf2 Nxc6+ 59. Kg2 f5 60. Ba6 Nd4 61. Bb7 Kd6 62. Kh3 Ke5 63. Kh4 Kf6 64. Kh5 Kg7 65. Bd5 Bd8 66. Bb7 Ba5 67. Bd5 Bb4 68. Bb7 Be1 69. Ba8 Ne6 70. Bd5 Nf8 0-1

[Event "4NCL 2nd Div 2023-24"]
[Site "Daventry"]
[Date "2024.05.04"]
[Round "9.12"]
[White "Price, Gwilym"]
[Black "Wilks, Simon"]
[Result "1-0"]
[ECO "C03"]
[WhiteElo "2195"]
[BlackElo "2031"]
[Annotator "RC"]
[PlyCount "65"]
[EventDate "2023.11.11"]
[EventType "team-tourn"]
[EventCountry "ENG"]
[SourceTitle "playchess.com"]
[Source "ChessBase"]
[SourceQuality "1"]
[TimeControl "40/6000+30:3000+30"]

1. e4 e6 2. d4 d5 3. Nd2 h6 4. Ngf3 Nf6 5. e5 Nfd7 6. c3 c5 7. Bd3 Nc6 8. Bc2 a5 9. a4 b6 10. O-O cxd4 11. cxd4 g5 12. Nb3 Bg7 13. Ne1 Ba6 14. Bd3 Bxd3 15. Nxd3 O-O 16. f4 f6 17. fxg5 fxg5 18. Qg4 Rxf1+ 19. Kxf1 Qf8+ 20. Kg1 Qf5 21. Qxf5 exf5 22. h4 gxh4 23. Bd2 Rc8 24. Rc1 Ne7 25. Rxc8+ Nxc8 26. Be1 Nf8 27. Nf4 Kf7 28. Nxd5 Ne6 29. Bxh4 Nxd4 30. Nxd4 Bxe5 31. Bf2 f4 32. b3 Nd6 33. Nf3 1-0

[Event "4NCL 2nd Div 2023-24"]
[Site "Daventry"]
[Date "2024.05.04"]
[Round "9.13"]
[White "Waller, Dan"]
[Black "Bremner, Adam"]
[Result "1-0"]
[ECO "C29"]
[WhiteElo "2094"]
[BlackElo "2187"]
[Annotator "RC"]
[PlyCount "137"]
[EventDate "2023.11.11"]
[EventType "team-tourn"]
[EventCountry "ENG"]
[SourceTitle "playchess.com"]
[Source "ChessBase"]
[SourceQuality "1"]
[TimeControl "40/6000+30:3000+30"]

1. e4 e5 2. Nc3 Nf6 3. f4 d5 4. fxe5 Nxe4 5. Qf3 Nc6 6. Bb5 Nxc3 7. dxc3 Qh4+ 8. g3 Qe4+ 9. Qxe4 dxe4 10. Ne2 Bd7 11. Bxc6 Bxc6 12. Rf1 Be7 13. Nd4 Bd7 14. Rf4 O-O 15. Rxe4 Rae8 16. Bf4 c5 17. Nf3 h6 18. h4 Bf5 19. Re2 Bd8 20. Kf2 Re6 21. Rae1 Rfe8 22. Rd2 Bc7 23. Rd7 Rc8 24. Rd2 Rce8 25. c4 R6e7 26. c3 Bg4 27. Nh2 Be6 28. b3 Bd7 29. Nf3 Bg4 30. Nh2 Bd7 31. Nf3 Bg4 32. Re3 Kf8 33. Nh2 Bd7 34. Red3 Bf5 35. Re3 b6 36. Nf3 Bg4 37. Rd5 Be6 38. Rd1 Bg4 39. Rd5 Be6 40. Rd2 Bg4 41. Nh2 Bc8 42. Rde2 g5 43. hxg5 hxg5 44. Bxg5 Rxe5 45. Bh6+ Kg8 46. Bf4 Rxe3 47. Rxe3 Rxe3 48. Kxe3 Bxf4+ 49. Kxf4 f6 50. Nf1 Bd7 51. Ne3 Kg7 52. Nd5 Be8 53. Nc7 Bg6 54. b4 Bd3 55. bxc5 Bxc4 56. cxb6 axb6 57. a3 Kf7 58. Na8 b5 59. Nb6 Bd3 60. Ke3 Bf1 61. Kd4 Ke6 62. Nd5 Bc4 63. Ne3 Be2 64. Nd5 Bc4 65. Nf4+ Kf5 66. a4 Bf1 67. a5 b4 68. cxb4 Kg4 69. Nd5 1-0

[Event "4NCL 2nd Div 2023-24"]
[Site "Daventry"]
[Date "2024.05.04"]
[Round "9.14"]
[White "Foisor, Mihaela-Veronica"]
[Black "Skettos, Nicolas"]
[Result "1/2-1/2"]
[ECO "A25"]
[WhiteElo "2178"]
[BlackElo "2014"]
[Annotator "NA"]
[PlyCount "84"]
[EventDate "2023.11.11"]
[EventType "team-tourn"]
[EventCountry "ENG"]
[SourceTitle "playchess.com"]
[Source "ChessBase"]
[SourceQuality "1"]
[TimeControl "40/6000+30:3000+30"]

1. c4 e5 2. Nc3 Nc6 3. g3 Bc5 4. Bg2 a6 5. e3 d6 6. Nge2 Ba7 7. d4 exd4 8. exd4 Nf6 9. O-O O-O 10. h3 h6 11. a3 Bf5 12. Kh2 Re8 13. b4 Qd7 14. Be3 Nd8 15. Nf4 c6 16. Re1 Ne4 17. Qb3 Nxc3 18. Qxc3 Rc8 19. Qd2 Ne6 20. Nxe6 fxe6 21. c5 Bb8 22. Rad1 Qf7 23. cxd6 Bxd6 24. Bf4 Bxf4 25. Qxf4 Bc2 26. Qxf7+ Kxf7 27. Rd2 Bb3 28. Re5 Bd5 29. f4 Rcd8 30. Be4 Bxe4 31. Rxe4 Rd5 32. Kg2 Red8 33. Kf3 g6 34. Ke3 a5 35. Re5 axb4 36. axb4 Ra8 37. Rxd5 exd5 38. Rd3 Ra2 39. Rb3 Rg2 40. Kf3 Rd2 41. Ke3 Rg2 42. Kf3 Rd2 1/2-1/2

[Event "4NCL 2nd Div 2023-24"]
[Site "Daventry"]
[Date "2024.05.04"]
[Round "9.15"]
[White "Shepherd, Tom"]
[Black "Varnam, Liam D"]
[Result "0-1"]
[ECO "D27"]
[WhiteElo "1918"]
[BlackElo "2029"]
[Annotator "NA"]
[PlyCount "74"]
[EventDate "2023.11.11"]
[EventType "team-tourn"]
[EventCountry "ENG"]
[SourceTitle "playchess.com"]
[Source "ChessBase"]
[SourceQuality "1"]
[TimeControl "40/6000+30:3000+30"]

1. d4 d5 2. Nf3 Nf6 3. c4 dxc4 4. e3 e6 5. Bxc4 c5 6. O-O a6 7. b3 b5 8. Be2 Bb7 9. Bb2 Nbd7 10. a4 b4 11. Nbd2 Be7 12. Nc4 O-O 13. Nfe5 Nxe5 14. dxe5 Nd5 15. Bf3 Qc7 16. a5 f5 17. Qc2 g5 18. h3 Rf7 19. Rad1 Raf8 20. Rd2 Ba8 21. Rfd1 Rg7 22. Nd6 Nc3 23. Bxc3 Bxf3 24. gxf3 bxc3 25. Qxc3 g4 26. hxg4 Qc6 27. e4 fxg4 28. Qc4 gxf3+ 29. Kf1 Kh8 30. Rd3 Bxd6 31. exd6 Qe8 32. Ke1 Qh5 33. d7 Qh6 34. Rxf3 Qh1+ 35. Qf1 Qxf3 36. d8=Q Qxe4+ 37. Qe2 Rg1+ 0-1

[Event "4NCL 2nd Div 2023-24"]
[Site "Daventry"]
[Date "2024.05.04"]
[Round "9.16"]
[White "McCarthy, Kevin C"]
[Black "Frank, Tena"]
[Result "1/2-1/2"]
[ECO "D00"]
[WhiteElo "1978"]
[BlackElo "1956"]
[Annotator "NA"]
[PlyCount "49"]
[EventDate "2023.11.11"]
[EventType "team-tourn"]
[EventCountry "ENG"]
[SourceTitle "playchess.com"]
[Source "ChessBase"]
[SourceQuality "1"]
[TimeControl "40/6000+30:3000+30"]

1. d4 d5 2. Nc3 Nf6 3. Bf4 e6 4. e3 Bb4 5. Bd3 c5 6. dxc5 Nbd7 7. Bd6 Nxc5 8. Bxc5 Bxc5 9. Nf3 O-O 10. O-O a6 11. e4 dxe4 12. Nxe4 Be7 13. c3 b5 14. Qc2 h6 15. Rad1 Nd5 16. Ng3 Bb7 17. Be4 Qb6 18. Ne5 Qc7 19. Rfe1 Rac8 20. Nf3 Rfd8 21. Nd4 Qb6 22. Qe2 Nf4 23. Qf3 Bxe4 24. Qxe4 Nd5 25. Nf3 1/2-1/2

[Event "4NCL 2nd Div 2023-24"]
[Site "Daventry"]
[Date "2024.05.04"]
[Round "9.17"]
[White "Mestel, A Jonathan"]
[Black "Willson, Ollie"]
[Result "1-0"]
[ECO "A14"]
[WhiteElo "2472"]
[BlackElo "2106"]
[Annotator "TA"]
[PlyCount "179"]
[EventDate "2023.11.11"]
[EventType "team-tourn"]
[EventCountry "ENG"]
[SourceTitle "playchess.com"]
[Source "ChessBase"]
[SourceQuality "1"]
[TimeControl "40/6000+30:3000+30"]

1. c4 e6 2. Nf3 Nf6 3. g3 d5 4. b3 Be7 5. Bg2 O-O 6. O-O c5 7. e3 b6 8. Qe2 Bb7 9. Bb2 Nbd7 10. d3 Qc7 11. Nc3 Rad8 12. e4 {[%emt 0:00:00] A14: English Opening: 1...e6 with b3 by White.} d4 13. Nd1 Rfe8 $146 ({Predecessor:} 13... g6 14. Bc1 Nh5 15. Bh6 Rfe8 16. Ng5 e5 17. f4 exf4 18. g4 Ng7 19. Nh3 Ne6 20. Nxf4 Nxf4 21. Bxf4 {0-1 Krassowizkij,J (2438)-Bischoff,K (2504) Bundesliga 1617 2016 (12.4)}) 14. Bc1 e5 15. Ne1 Bc8 16. f4 Bd6 17. f5 Be7 18. g4 h6 19. h4 Nh7 20. Nf3 f6 21. Nf2 Qd6 22. Nh1 Kh8 23. Ng3 Rg8 24. Kf2 Ndf8 25. Rh1 g5 26. Bd2 Bd7 27. Rh2 Be8 28. Rah1 Qc7 29. hxg5 hxg5 30. Rh6 Rd6 31. Nh5 Bxh5 32. R1xh5 Rg7 33. Qe1 Kg8 34. Bf1 Bd8 35. Be2 a6 36. Qc1 Be7 37. a3 a5 38. Rh1 Rd8 39. Ne1 Rb8 40. Nc2 Ra8 41. Qb2 Bd6 42. Rb1 (42. a4 $18) 42... Qc6 (42... Nd7 $16 43. Rbh1 Ndf8) 43. Ne1 Rb7 44. Nf3 Rab8 45. Qa2 Kg7 46. Rhh1 Ra7 47. Qc2 Rba8 48. Qc1 Be7 (48... Kf7 $16 49. Rh6 Qd7) 49. Bd1 Rb7 50. Bc2 Rba7 51. Qf1 Qe8 52. Qh3 Kg8 53. Rh2 Qf7 (53... Bd6 $16 54. Qh6 (54. Rbh1 b5 $18) 54... Qb8) 54. Rbh1 $18 Qg7 55. Qf1 Rb7 56. Rh6 Raa7 57. Qh3 Bd8 58. Ng1 Rb8 59. Ne2 Rbb7 60. Ng3 Rb8 61. Bc1 Rba8 62. Ke2 Rb8 63. Qh5 Be7 $2 (63... Qf7 64. Rg6+ Kh8) 64. Rg6 $18 Nxg6 65. fxg6 Nf8 66. Nf5 Qxg6 67. Qh8+ Kf7 68. Rh6 Qxh6 69. Qxh6 Rbb7 70. Qg7+ Ke8 71. Nxe7 Rxe7 72. Qxf6 Ne6 73. Qxe5 (73. Bxg5 $142 Nxg5 74. Qxg5) 73... Nf4+ $18 74. Bxf4 Rxe5 75. Bxe5 Rh7 76. Bd1 Kd7 $2 (76... Ke7 77. Kd2 Ke6) 77. Bf6 $18 Ke6 78. Bxg5 Rh2+ 79. Ke1 Rh1+ 80. Kd2 Rh2+ 81. Be2 Rh8 82. Bf4 Ra8 83. Bd1 Ra7 84. g5 Rf7 85. Bg4+ Ke7 86. Bf5 Rf8 87. Be5 a4 88. bxa4 Ra8 89. g6 b5 90. cxb5 1-0

[Event "4NCL 2nd Div 2023-24"]
[Site "Daventry"]
[Date "2024.05.04"]
[Round "9.18"]
[White "Graham, David B"]
[Black "Richardson, John R"]
[Result "1/2-1/2"]
[ECO "B12"]
[WhiteElo "2149"]
[BlackElo "2287"]
[Annotator "RC"]
[PlyCount "97"]
[EventDate "2023.11.11"]
[EventType "team-tourn"]
[EventCountry "ENG"]
[SourceTitle "playchess.com"]
[Source "ChessBase"]
[SourceQuality "1"]
[TimeControl "40/6000+30:3000+30"]

1. e4 c6 2. d4 d5 3. e5 Bf5 4. Nf3 e6 5. Be2 c5 6. O-O Nc6 7. c3 cxd4 8. Nxd4 Nxd4 9. cxd4 Ne7 10. Nc3 f6 11. exf6 gxf6 12. Re1 Kf7 13. Bf4 Nc6 14. Bh5+ Bg6 15. Bg4 f5 16. Bf3 Bg7 17. Nb5 Qb6 18. Nc7 Bxd4 19. Rxe6 Rac8 20. Bxd5 Kg7 21. Qe2 Rxc7 22. Bxc7 Qxc7 23. Bxc6 Bf7 24. Rd1 Rd8 25. Bf3 Bxe6 26. Qxe6 Qc5 27. Qe2 Qb6 28. g3 Rf8 29. Qe7+ Rf7 30. Qg5+ Kf8 31. Rc1 Bxf2+ 32. Kg2 Bc5 33. Bd5 h6 34. Qf4 Rf6 35. Qb8+ Ke7 36. Qxb7+ Qxb7 37. Bxb7 Bb6 38. Re1+ Kd6 39. Rf1 Ke5 40. Rd1 Bd4 41. b3 Rf7 42. Re1+ Kf6 43. Ba6 Rd7 44. Bc4 Be5 45. Re2 Rd1 46. a4 a5 47. Rc2 Rb1 48. Rf2 Rb2 49. Rxb2 1/2-1/2

[Event "4NCL 2nd Div 2023-24"]
[Site "Daventry"]
[Date "2024.05.04"]
[Round "9.19"]
[White "Bradbury, Neil H"]
[Black "Brewer, Callum D"]
[Result "0-1"]
[ECO "E04"]
[WhiteElo "2182"]
[BlackElo "2155"]
[Annotator "NA RC"]
[PlyCount "68"]
[EventDate "2023.11.11"]
[EventType "team-tourn"]
[EventCountry "ENG"]
[SourceTitle "playchess.com"]
[Source "ChessBase"]
[SourceQuality "1"]
[TimeControl "40/6000+30:3000+30"]

1. d4 Nf6 2. Nf3 d5 3. c4 e6 4. g3 dxc4 5. Bg2 Nc6 6. O-O Rb8 7. Bg5 Be7 8. e3 O-O 9. Qc1 b5 10. Nbd2 Nd5 11. Bxe7 Qxe7 12. a3 Na5 13. e4 Nb6 14. Qc3 Nb7 15. b3 cxb3 16. Nxb3 Nc4 17. Rfc1 Bd7 18. Nbd2 Nxd2 19. Nxd2 Rfc8 20. Nb3 e5 21. Qb4 Qd6 22. dxe5 Qxe5 23. f4 Qf6 24. Nc5 Qb6 25. e5 a5 26. Qd4 Nxc5 27. Rxc5 b4 28. axb4 axb4 29. Rb1 Bf5 30. Rb2 Rd8 31. Qc4 Rd1+ 32. Kf2 Bd3 33. Qd5 Bb5 34. Qxd1 Qxc5+ 0-1

[Event "4NCL 2nd Div 2023-24"]
[Site "Daventry"]
[Date "2024.05.04"]
[Round "9.20"]
[White "Grant, David J"]
[Black "Banerjee, Supratit"]
[Result "1-0"]
[ECO "C10"]
[WhiteElo "2103"]
[BlackElo "2139"]
[Annotator "NA RC"]
[PlyCount "105"]
[EventDate "2023.11.11"]
[EventType "team-tourn"]
[EventCountry "ENG"]
[SourceTitle "playchess.com"]
[Source "ChessBase"]
[SourceQuality "1"]
[TimeControl "40/6000+30:3000+30"]

1. e4 e6 2. d4 d5 3. Nc3 dxe4 4. Nxe4 Nd7 5. Nf3 Ngf6 6. Nxf6+ Nxf6 7. c3 c5 8. Ne5 a6 9. Qa4+ Bd7 10. Nxd7 Qxd7 11. Qxd7+ Nxd7 12. Be3 O-O-O 13. O-O-O cxd4 14. Rxd4 g6 15. Be2 Bg7 16. Rc4+ Kb8 17. Rb4 Ka8 18. Bf3 Rb8 19. Ra4 Rbc8 20. Rxa6+ Kb8 21. Ra5 Rc7 22. Rd1 f5 23. Rd6 e5 24. Kc2 Re8 25. g3 Bf8 26. Rdd5 Bg7 27. Ra4 e4 28. Rda5 Rcc8 29. Ra8+ Kc7 30. Rc4+ Kd6 31. Rcxc8 Rxc8 32. Rxc8 exf3 33. Bf4+ Ke6 34. Rc7 b6 35. Rc6+ Kf7 36. Kd2 Nc5 37. Rxb6 Ne4+ 38. Ke1 g5 39. Be3 h5 40. a4 f4 41. gxf4 g4 42. a5 h4 43. a6 g3 44. fxg3 hxg3 45. hxg3 Bf8 46. Rb7+ Ke6 47. a7 f2+ 48. Bxf2 Nxf2 49. Kxf2 Bc5+ 50. Kf3 Bxa7 51. Rxa7 Kf5 52. g4+ Kf6 53. Ra5 1-0